 Dungeon Crawl Stone Soup version 0.30-a0-857-gcaf70739d4 (webtiles) character file.

Game seed: 11556011502699232755

308 greenreed the Cudgeller (level 6, -3/53 HPs)
             Began as a Minotaur Fighter on Mar 5, 2023.
             Slain by a gnoll
             ... wielding a +2 spear of distortion
              (13 damage)
             ... on level 2 of the Dungeon.
             The game lasted 00:03:12 (1571 turns).

greenreed the Cudgeller (Minotaur Fighter)          Turns: 1571, Time: 00:03:13

Health: -3/53      AC:  8    Str: 20 (23) XL:     6   Next: 16%
Magic:  5/5        EV:  9    Int:  2 (5)  God:
Gold:   73         SH:  4    Dex:  8 (9)  Spells: 5/5 levels left

rFire   . . .      SeeInvis .    a - +0 flail
rCold   . . .      Faith    .    c - +0 buckler
rNeg    . . .      Spirit   .    b - +0 scale mail
rPois   .          Reflect  .    (helmet restricted)
rElec   .          Rampage  .    (no cloak)
rCorr   .                        (no gloves)
Will    .....                    k - +0 pair of boots Stlth
                                 (no amulet)
HPRegen 0.28/turn                (no ring)
MPRegen 0.09/turn                (no ring)

@: no status effects
A: horns 2, retaliatory headbutt
a: no special abilities


You were on level 2 of the Dungeon.
You visited 1 branch of the dungeon, and saw 2 of its levels.

You collected 73 gold pieces.

Inventory:

Hand Weapons
 a - a +0 flail (weapon)
Missiles
 e - a datura-tipped dart (quivered)
Armour
 b - a +0 scale mail (worn)
 c - a +0 buckler (worn)
 k - a +0 pair of boots (worn)
Jewellery
 m - a ring of resist corrosion
Wands
 d - a wand of flame (7)
 f - a wand of roots (7)
Scrolls
 h - a scroll of identify {unknown}
 i - a scroll of noise {unknown}
 l - 2 scrolls of teleportation {unknown}


   Skills:
 * Level 4.4 Fighting
 * Level 5.8 Maces & Flails
 + Level 5.2 Armour
 + Level 1.1 Dodging
 + Level 0.4 Stealth
 + Level 4.1 Shields


You had 5 spell levels left.
You didn't know any spells.
Your spell library was empty.

Dungeon Overview and Level Annotations

Branches:
Dungeon (2/15)

Altars:

Shops:
D:1 (


Innate Abilities, Weirdness & Mutations

You have a pair of horns on your head.
You reflexively headbutt those who attack you in melee.


Message History

Press: ? - help, Q - select action, (/) - cycle Shift-Dir - straight line, f - gnoll
Aim: a gnoll, wielding a +2 spear of distortion (wandering, hasn't noticed you, 60% to hit, chance to frenzy on hit: 100%)
You throw a datura-tipped dart.
The datura-tipped dart completely misses the gnoll.
The datura-tipped dart barely misses the gnoll.
The gnoll hits you but does no damage.
Throw: 2 darts (datura)
Press: ? - help, Q - select action, (/) - cycle Shift-Dir - straight line, f/p - gnoll
Aim: a gnoll, wielding a +2 spear of distortion (60% to hit, chance to frenzy on hit: 100%)
You throw a datura-tipped dart. The datura-tipped dart hits the gnoll.
The gnoll flies into a frenzy!
The gnoll hits the gnoll with a +2 spear of distortion!
The gnoll dies!
The gnoll hits the gnoll with a +0 whip.
The gnoll closely misses the gnoll.
The gnoll hits the gnoll with a +2 spear of distortion!
Space warps horribly around the gnoll!!
The gnoll dies!
The gnoll hits the gnoll with a +2 spear of distortion!
The gnoll dies!
The gnoll shouts!
You block the gnoll's attack.
The gnoll hits you from afar with a +2 spear of distortion.
Space warps around you. The gnoll hits you but does no damage.
You hit the gnoll.
The gnoll is heavily wounded.
You block the gnoll's attack. The gnoll closely misses you.
You barely miss the gnoll.
The gnoll is heavily wounded.
The gnoll hits you but does no damage. Space warps horribly around you!!
You closely miss the gnoll. You headbutt the gnoll.
The gnoll is severely wounded.
The gnoll barely misses you. You block the gnoll's attack.
You hit the gnoll.
The gnoll is almost dead.
The gnoll hits you but does no damage. Space warps horribly around you!
* * * LOW HITPOINT WARNING * * *
The gnoll hits you but does no damage. Space warps horribly around you!
You die...

....##### ....######
.†.......# ...#####.# # ###
...# #.# #+# .#)..( ...#
#.# #.# ###.()..# ...# #.#
#.# ##..)# +#.#####.#
#.###..#.# ..#...#.#
#@##..## # ####.#.#.#
#g#.g## .......#.#
#.#.######## ####.###.#
#...###....# ####.....#
#.......##.#
....############..#######.#
###.......................#
###.##########.##########
#.## ######.#


You could see a neutral gnoll (fast, strong, insane).

Vanquished Creatures
  Sigmund (D:2)
  Jessica (D:2)
  Natasha (thrice) (D:2)
  3 bats
  5 endoplasms
  A giant cockroach (D:1)
  3 goblins (D:1)
  2 hobgoblins (D:1)
  3 jackals (D:1)
  5 ball pythons (D:1)
  A frilled lizard (D:1)
  2 kobolds
  3 rats (D:1)
33 creatures vanquished.

Vanquished Creatures (collateral kills)
  3 gnolls (D:2)
3 creatures vanquished.

Grand Total: 36 creatures vanquished

Notes
Turn   | Place    | Note
-------+----------+-------------------------------------------
     0 | D:1      | greenreed the Minotaur Fighter began the quest for the Orb.
     0 | D:1      | Reached XP level 1. HP: 19/19 MP: 0/0
   167 | D:1      | Reached XP level 2. HP: 20/27 MP: 1/1
   663 | D:1      | Reached XP level 3. HP: 32/33 MP: 2/2
   738 | D:1      | Found Qivva's Weapon Shop.
   950 | D:2      | Noticed Sigmund
  1116 | D:2      | Killed Sigmund
  1117 | D:2      | Reached skill level 1 in Dodging
  1117 | D:2      | Reached XP level 4. HP: 5/40 MP: 3/3
  1117 | D:2      | Reached XP level 5. HP: 5/46 MP: 4/4
  1311 | D:2      | Noticed Natasha
  1312 | D:2      | Noticed Jessica
  1335 | D:2      | Killed Jessica
  1340 | D:2      | Killed Natasha
  1341 | D:2      | Reached skill level 5 in Maces & Flails
  1341 | D:2      | Reached skill level 5 in Armour
  1367 | D:2      | Noticed Natasha
  1373 | D:2      | Killed Natasha
  1462 | D:2      | Noticed Natasha
  1468 | D:2      | Killed Natasha
  1469 | D:2      | Reached XP level 6. HP: 53/53 MP: 5/5
  1571 | D:2      | Slain by a gnoll

Illustrated notes

Levels and vault maps discovered:
D:1:      dpeg_arrival_fog, layout_basic, serial_shops, shop
D:2:      layout_basic, uniq_jessica, uniq_natasha, uniq_sigmund,
          uniq_crazy_yiuf_cottage

Skill      XL: |  1  2  3  4  5 |
---------------+----------------+-----
Armour         | 4 5 |  5.2
Shields        | 4 |  4.1
Fighting       | 4 |  4.4
Maces & Flails | 4 5 |  5.8
Dodging        | 1 |  1.1
Stealth        | |  0.4

Action                     |  1- 3 |  4- 6 || total
---------------------------+-------+-------++-------
  Melee: Flail             |    67 |    22 ||    89
         Headbutt          |     5 |     1 ||     6
  Throw: Dart              |     1 |     2 ||     3
    Use: Potion            |     1 |     3 ||     4
 Armour: Scale mail        |    30 |    12 ||    42
  Dodge: Dodged            |    34 |    11 ||    45
  Block: Buckler           |    15 |     5 ||    20

Table legend: (Time is in decaauts)
 A = Elapsed time spent in this place.
 B = Non-inter-level travel time spent in this place.
 C = Inter-level travel time spent in this place.
 D = Time resting spent in this place.
 E = Time spent auto-exploring this place.
 F = Levels seen in this place.
 G = Mean time per level.
                   A        B        C        D        E       F      G
               +--------+--------+--------+--------+--------+-----+--------+
         Total |   1597 |   1519 |     78 |    263 |    974 |   2 |  798.5 |
       Dungeon |   1597 |   1519 |     78 |    263 |    974 |   2 |  798.5 |
               +--------+--------+--------+--------+--------+-----+--------+

Top non-repeatable levels by time:
     D:1: 1158 daAuts
     D:2: 439 daAuts
